 Dungeon Crawl Stone Soup version 0.26.0-15-gc6cd9f700b (webtiles) character file.

Game seed: 8045473647474843939

220 melloss the Sneak (level 5, -3/29 HPs)
             Began as a Deep Elf Conjurer on Jan 15, 2021.
             Was an Initiate of Vehumet.
             Slain by a sky beast (6 damage)
             ... on level 3 of the Dungeon.
             The game lasted 00:08:55 (3346 turns).

melloss the Sneak (Deep Elf Conjurer)               Turns: 3346, Time: 00:08:55

Health: -3/29      AC:  3    Str:  4    XL:     5   Next: 64%
Magic:  3/11       EV: 13    Int: 24    God:    Vehumet [......]
Gold:   178        SH:  0    Dex: 13    Spells: 7/10 levels left

rFire    + . .     SeeInvis .   e - +0 short sword
rCold    x . .     Faith    .   (no shield)
rNeg     . . .     Spirit   .   a - +0 robe
rPois    .         Reflect  .   (no helmet)
rElec    .         Harm     .   (no cloak)
rCorr    .         Rampage  .   (no gloves)
Will     .....                  j - +0 pair of boots
Stlth    +++.......             (no amulet)
HPRegen  0.09/turn              f - ring of fire
MPRegen  0.12/turn              (no ring)

@: about to teleport
A: no striking features
a: Renounce Religion


You were on level 3 of the Dungeon.
You worshipped Vehumet.
Vehumet was noncommittal.
You visited 1 branch of the dungeon, and saw 4 of its levels.

You collected 178 gold pieces.

Inventory:

Hand Weapons
 e - a +0 short sword (weapon)
Missiles
 b - 7 curare-tipped darts
Armour
 a - a +0 robe (worn)
 j - a +0 pair of boots (worn)
Jewellery
 f - a ring of fire (left hand)
Scrolls
 i - a scroll of enchant weapon {unknown}
 l - 4 scrolls of identify
 m - a scroll of teleportation
Potions
 c - 3 potions of curing {unknown}
 d - a potion of magic {unknown}
 g - 2 potions of brilliance
 h - a potion of might {unknown}
 k - 2 potions of mutation {unknown}


   Skills:
 - Level 1.0 Fighting
 + Level 4.1 Short Blades
 - Level 2.4 Dodging
 - Level 5.0 Stealth
 - Level 3.0 Spellcasting
 - Level 4.3 Conjurations


You had 7 spell levels left.
You knew the following spells:

 Your Spells              Type           Power        Failure   Level
a - Magic Dart            Conj           96%          1%          1
b - Searing Ray           Conj           48%          2%          2

Your spell library contained the following spells:

 Spells                   Type           Power        Failure   Level
 Dazzling Flash           Conj/Hex       28%          13%         3
 Fulminant Prism          Conj/Hex       7%           41%         4
 Iskenderun's Mystic Bla  Conj/Tloc      14%          41%         4


Dungeon Overview and Level Annotations

Branches:
Dungeon (4/15)
 Temple: D:4-7

Altars:
Hepliaklqana
Vehumet

Annotations:
D:3 1 runed translucent door, Myro's ghost, amateur PaWn


Message History

Something hits you. Something shocks you.
* * * LOW HITPOINT WARNING * * *
You climb upwards.
Level annotation: 1 runed translucent door, Myro's ghost, amateur PaWn Reactivating autopickup.
There is a stone staircase leading down here.
Something hits you but does no damage.
Deactivating autopickup; reactivate with Ctrl-A.
A sky beast appears from thin air!
Reactivating autopickup.
The sky beast misses you. The sky beast completely misses you.
The sky beast flickers out of sight!
Deactivating autopickup; reactivate with Ctrl-A.
Okay, then.
As you read the scroll of teleportation, it crumbles to dust.
You feel strangely unstable. Something hits you.
* * * LOW HITPOINT WARNING * * *
Something shocks you.
You die...

#.......# #..........#
#####.......###..........#
#####.............#......>...#
..........###...#.#..........#
#..##.###.# #...#.#......)...#
......# #.# #####.#..........#
#..######.# #.#..........#
#.....<##.#######.#..........#
..........(.....@............#
..........######.##.≈........#
.....................>.......#
.......#.########.#.#.########
...#...#.# #.....#########
...#...#.#########..#.##......#
.#.#...#.##....###..#.##......#
.......#.......'..............#
.#.#.....##.[..####...#########


There were no monsters in sight!

Vanquished Creatures
  A scorpion (D:4)
  An orc priest (D:3)
  An orc wizard (D:3)
  3 adders
  An ooze (D:1)
  3 worms (D:2)
  2 dart slugs
  4 leopard geckos
  5 orcs (D:3)
  5 bats
  2 giant cockroaches
  5 goblins
  5 hobgoblins
  8 jackals
  5 kobolds (D:2)
  A ball python (D:1)
  5 frilled lizards
  7 rats
64 creatures vanquished.

Notes
Turn   | Place    | Note
-------+----------+-------------------------------------------
     0 | D:1      | melloss the Deep Elf Conjurer began the quest for the Orb.
     0 | D:1      | Reached XP level 1. HP: 10/10 MP: 6/6
   161 | D:1      | Reached skill level 1 in Fighting
   222 | D:1      | Reached XP level 2. HP: 16/16 MP: 1/8
   225 | D:1      | Learned a level 2 spell: Searing Ray
   246 | D:1      | Reached skill level 3 in Stealth
   741 | D:1      | Reached skill level 4 in Stealth
   910 | D:1      | Reached XP level 3. HP: 20/20 MP: 5/9
  1220 | D:1      | Found a hazy altar of Hepliaklqana.
  1658 | D:2      | Reached skill level 5 in Stealth
  2013 | D:2      | Reached skill level 1 in Short Blades
  2013 | D:2      | Reached XP level 4. HP: 19/25 MP: 6/10
  2583 | D:3      | Found a radiant altar of Vehumet.
  2679 | D:3      | Became a worshipper of Vehumet
  2760 | D:3      | Reached XP level 5. HP: 20/29 MP: 1/11
  2937 | D:3      | Found a runed translucent door.
  2950 | D:3      | Noticed Myro's ghost (amateur PaWn)
  3315 | D:4      | Noticed a sky beast
  3346 | D:3      | Slain by a sky beast

Illustrated notes

Levels and vault maps discovered:
D:1:      dpeg_arrival_water_altar, layout_basic, hex_medium,
          minmay_tiny_reverse_x
D:2:      layout_rooms
D:3:      layout_basic, marbit_many_paths, ebering_ghost_sewer_d
D:4:      layout_rooms, lemuel_crystal_altar, grunt_temple_overflow_octagram,
          minmay_temple_entry_slanted, portal_sewer_entry_b

Skill      XL: |  1  2  3  4  5 |
---------------+----------------+-----
Fighting       | 1 |  1.0
Stealth        | 4 5 |  5.0
Short Blades   | 1 3 4 |  4.1
Dodging        | |  2.4
Spellcasting   | |  3.0
Conjurations   | |  4.3

Action                   |  1- 3 |  4- 6 || total
-------------------------+-------+-------++-------
Melee: Short sword       |    15 |    10 ||    25
 Cast: Magic Dart        |   104 |    47 ||   151
  Use: Scroll            |     4 |     2 ||     6
Armor: Robe              |     8 |     8 ||    16
Dodge: Dodged            |    33 |    12 ||    45
